 Dungeon Crawl Stone Soup version 0.32-a0-699-g1ee5eff69a (webtiles) character file.

Game seed: 7278379939234602487

88 bobo the Grasshopper (level 4, -1/35 HPs)
             Began as a Coglin Warper on Mar 14, 2024.
             Slain by Terence
             ... wielding a +3 flail
              (8 damage)
             ... on level 2 of the Dungeon.
             The game lasted 00:06:23 (1511 turns).

bobo the Grasshopper (Coglin Warper)                Turns: 1511, Time: 00:06:24

Health: -1/35      AC:  3    Str: 11    XL:     4   Next: 54%
Magic:  7/7        EV: 10    Int: 13    God:
Gold:   132        SH:  0    Dex: 15    Spells: 1/7 levels left

rFire   . . .        a - +0 falchion {Mishil}
rCold   . . .        e - +0 dagger {Paser}
rNeg    . . .        b - +0 leather armour
rPois   .            (no helmet)
rElec   .            (no cloak)
rCorr   .            (no gloves)
SInv    .            (no boots)
Will    .....        (amulet unavailable)
Stlth   +            (ring unavailable)
HPRegen 0.25/turn    (ring unavailable)
MPRegen 0.10/turn    (no gizmo)

%: no passive effects
@: revved
A: off-hand wielding, slow wielding, warmup strikes, no jewellery
a: Invent Gizmo


You were on level 2 of the Dungeon.
You visited 1 branch of the dungeon, and saw 2 of its levels.

You collected 132 gold pieces.

Inventory:

Hand Weapons
 a - a +0 falchion (weapon) {Mishil}
 e - a +0 dagger (offhand) {Paser}
Missiles
 d - 7 darts of dispersal (quivered)
Armour
 b - a +0 leather armour (worn)
Scrolls
 c - 2 scrolls of blinking
 f - 3 scrolls of immolation
 h - a scroll of silence
 j - a scroll of vulnerability {unknown}
 k - a scroll of amnesia {unknown}
 l - a scroll of revelation {unknown}
Potions
 m - a potion of haste


   Skills:
 + Level 3.0 Fighting
 + Level 1.7(2.4) Short Blades
 + Level 2.9(3.2) Long Blades
 - Level 0.8 Throwing
 - Level 0.8 Armour
 - Level 1.7 Dodging
 + Level 2.0 Spellcasting
 + Level 3.2 Translocations
 + Level 0.0 Air Magic


You had one spell level left.
You knew the following spells:

 Your Spells              Type           Power      Damage    Failure   Level
a - Vhi's Electric Charg  Tloc/Air       10%        N/A       86%         4
Z - Blink                 Tloc           18%        N/A       14%         2

Your spell library contained the following spells:

 Spells                   Type           Power      Damage    Failure   Level
 Lesser Beckoning         Tloc           18%        N/A       14%         2
 Teleport Other           Tloc           9%         N/A       26%         3
 Ensorcelled Hibernation  Hex/Ice        2%         N/A       45%         2
 Manifold Assault         Tloc           9%         N/A       65%         4
 Fugue of the Fallen      Necr           1%         N/A       69%         3
 Anguish                  Hex/Necr       0%         N/A       97%         4


Dungeon Overview and Level Annotations

Branches:
Dungeon (2/15)

Altars:

Annotations:
D:1 1 transporter
D:2 Terence


Innate Abilities, Weirdness & Mutations

You can wield a second weapon in your off-hand.
It takes a long time for you to wield or remove held weapons.
Your first few attacks do less damage.
You cannot equip rings or amulets.


Message History

You kill the hobgoblin!
You see here a hobgoblin corpse.
You see here 2 stones.
You see here 6 javelins.
Terence is nearby!
Okay, then.
Terence shouts!
You hit Terence with your +0 falchion.
Terence is lightly wounded.
You hit Terence but do no damage. Terence hits you with a +3 flail!
You closely miss Terence with your +0 dagger.
Terence is lightly wounded.
You hit Terence with your +0 falchion. Terence hits you but does no damage.
You hit Terence with your +0 falchion.
Terence is severely wounded.
You hit Terence with your +0 dagger.
Terence says, "Rest in peace."
Terence hits you with a +3 flail!
You hit Terence but do no damage.
Terence is severely wounded.
You hit Terence with your +0 falchion. Terence hits you with a +3 flail!
* * * LOW HITPOINT WARNING * * *
You feel better. Terence barely misses you.
Okay, then.
You hit Terence but do no damage.
Terence is severely wounded.
You barely miss Terence with your +0 falchion.
Terence hits you with a +3 flail!
* * * LOW HITPOINT WARNING * * *
You closely miss Terence with your +0 falchion.
Terence is severely wounded.
You hit Terence but do no damage. Terence closely misses you.
You hit Terence but do no damage.
Terence is severely wounded.
You hit Terence with your +0 falchion. Terence barely misses you.
You barely miss Terence with your +0 falchion.
Terence is severely wounded.
You hit Terence but do no damage. Terence hits you with a +3 flail!
You die...
Terence says, "That felt goooood."

#.# #.# # #.# #.# # #.#
#.# # ##.####### #.# #
<.÷......# #.# #
<###.###)#####
#.############## .#...#
#...÷.#
###.............##
.#.#.###.###.#
#@................
.#.#.(...# #.#
#@#############.##
...###.### #.# #.# #.#
...# #.#####.###.#
##########.# ...#
#...........#
#..........# ...#
#######.#####
#.########## ...#######
#.# #.#
.........###÷########.#
#######
#..#####.##...........#
#......
#..#####.##..##########
#.#####


You could see Terence.

Vanquished Creatures
  2 adders (D:2)
  3 dart slugs
  A ribbon worm (D:2)
  5 ball pythons (D:1)
  3 endoplasms (D:1)
  4 giant cockroaches
  6 hobgoblins
  6 jackals (D:1)
  A quokka (D:2)
  2 bats (D:1)
  A frilled lizard (D:1)
  6 goblins
  8 kobolds
  10 rats
58 creatures vanquished.

Notes
Turn   | Place    | Note
-------+----------+-------------------------------------------
     0 | D:1      | bobo the Coglin Warper began the quest for the Orb.
     0 | D:1      | Reached XP level 1. HP: 16/16 MP: 3/3
    58 | D:1      | Reached XP level 2. HP: 16/22 MP: 4/4
    78 | D:1      | Reached skill level 1 in Short Blades
   293 | D:1      | Reached XP level 3. HP: 28/28 MP: 5/5
   361 | D:1      | Found a faded altar of an unknown god.
   675 | D:1      | Learned a level 2 spell: Blink
   759 | D:2      | Reached XP level 4. HP: 33/34 MP: 6/6
  1112 | D:2      | Noticed Terence
  1282 | D:2      | Learned a level 4 spell: Vhi's Electric Charge
  1511 | D:2      | Slain by Terence

Illustrated notes

Levels and vault maps discovered:
D:1:      spicycebolla_arrival_risky_transporter, layout_loops_ring,
          dreamdust_ecumenical_altar_hidden_monk_grotto
D:2:      layout_loops_ring, uniq_terence

Skill      XL: |  1  2  3  4 |
---------------+-------------+-----
Short Blades   | 1 |  1.7
Fighting       | 3 |  3.0
Spellcasting   | 2 |  2.0
Long Blades    | |  2.9
Throwing       | |  0.8
Armour         | |  0.8
Dodging        | |  1.7
Translocations | |  3.2

Action                     |  1- 3 |  4- 6 || total
---------------------------+-------+-------++-------
  Melee: Falchion          |   101 |    39 ||   140
         Dagger            |    83 |    36 ||   119
    Use: Scroll            |       |     4 ||     4
         Potion            |       |     1 ||     1
 Armour: Leather armour    |    58 |    20 ||    78
  Dodge: Dodged            |    42 |    14 ||    56

Table legend: (Time is in decaauts)
 A = Elapsed time spent in this place.
 B = Non-inter-level travel time spent in this place.
 C = Inter-level travel time spent in this place.
 D = Time resting spent in this place.
 E = Time spent auto-exploring this place.
 F = Levels seen in this place.
 G = Mean time per level.
                   A        B        C        D        E       F      G
               +--------+--------+--------+--------+--------+-----+--------+
         Total |   1516 |   1507 |      9 |      0 |   1170 |   2 |  758.0 |
       Dungeon |   1516 |   1507 |      9 |      0 |   1170 |   2 |  758.0 |
               +--------+--------+--------+--------+--------+-----+--------+

Top non-repeatable levels by time:
     D:2: 835 daAuts
     D:1: 680 daAuts
